 Dungeon Crawl Stone Soup version 0.23.2-33-g5129a83184 (webtiles) character file.

Game seed: 5710472521183543041

20433 psyvane the Severer (level 12, 0/110 HPs)
             Began as a Black Draconian Warper on July 7, 2019.
             Was an Elder of Cheibriados.
             Slain by a salamander
             ... wielding a cursed -2 halberd
              (5 damage)
             ... in a volcano.
             The game lasted 01:17:24 (15844 turns).

psyvane the Severer (Black Draconian Warper)       Turns: 15844, Time: 01:17:25

Health: 0/110      AC: 14    Str: 28    XL:     12   Next: 45%
Magic:  10/17      EV: 19    Int: 26    God:    Cheibriados [****..]
Gold:   1121       SH:  0    Dex: 23    Spells: 0/18 levels left

rFire    + . .     SeeInvis +   A - +5 war axe (elec)
rCold    + . .     Gourm    +   (no shield)
rNeg     . . .     Faith    .   (armour unavailable)
rPois    +         Spirit   .   (helmet restricted)
rElec    +         Reflect  .   O - +2 cloak {+Inv}
rCorr    +         Harm     .   r - +2 pair of gloves
MR       .....                  (no boots)
Stlth    ++........             B - amulet of the gourmand
HPRegen  1.28/turn              I - +3 ring of evasion
MPRegen  0.15/turn              s - ring "Focwaot" {Str+4 SInv}

@: resistant, regenerating, very slow
A: breathe lightning, unfitting armour, electricity resistance, cold-blooded, AC
+8
a: Breathe Lightning, Bend Time, Temporal Distortion, Slouch, Renounce Religion,
Evoke Invisibility


You were in a volcano.
You worshipped Cheibriados.
Cheibriados was greatly pleased with you.
You were completely stuffed.

You visited 2 branches of the dungeon, and saw 16 of its levels.
You also visited: Bailey and Volcano.

You collected 1121 gold pieces.

Inventory:

Hand Weapons
 a - a +0 hand axe
 m - a +1 dagger of venom
 A - a +5 war axe of electrocution (weapon)
Missiles
 d - 5 tomahawks of dispersal (quivered)
 w - 37 tomahawks of returning
 z - 14 tomahawks
Armour
 r - a +2 pair of gloves (worn)
 O - a +2 cloak of invisibility (worn)
Jewellery
 b - an uncursed ring of fire
 s - the ring "Focwaot" (right hand) {Str+4 SInv}
   (You acquired it on level 8 of the Dungeon)

   [ring of see invisible]

   It affects your strength (+4).
   It lets you see invisible.
 v - the amulet of Suqauny {Harm -Tele *Drain Str-2 Int+6 SInv}
   (You acquired it on level 8 of the Dungeon)

   [amulet of harm]

   It increases damage dealt and taken.
   It affects your strength (-2).
   It affects your intelligence (+6).
   It lets you see invisible.
   It prevents most forms of teleportation.
   It causes draining when unequipped.
 B - an amulet of the gourmand (around neck)
 E - an uncursed ring of positive energy
 I - a +3 ring of evasion (left hand)
 Q - an uncursed ring of flight {unknown}
Wands
 u - a wand of flame (8)
 x - a wand of digging (4)
 y - a wand of enslavement (14)
 C - a wand of scattershot (2)
Scrolls
 c - 7 scrolls of blinking
 e - 8 scrolls of teleportation
 g - 8 scrolls of fog
 h - 10 scrolls of remove curse
 j - a scroll of amnesia
 k - a scroll of silence {unknown}
 l - 6 scrolls of immolation
 p - a scroll of fear
 t - 2 scrolls of magic mapping
 F - a scroll of summoning
 G - a scroll of holy word {unknown}
 H - 2 scrolls of vulnerability
 L - a scroll of noise {unknown}
Potions
 i - 8 potions of curing
 n - 2 potions of haste
 o - 2 potions of flight
 q - a potion of cancellation
 D - 2 potions of mutation
 M - a potion of berserk rage {unknown}
 N - 3 potions of ambrosia {unknown}
 P - 2 potions of heal wounds
Miscellaneous
 K - a lamp of fire (inert)
Comestibles
 f - 32 rations
 R - 2 chunks of flesh


   Skills:
 - Level 11.1 Fighting
 * Level 15.1 Axes
 - Level 0.8 Throwing
 - Level 5.0 Dodging
 - Level 3.8 Spellcasting
 - Level 2.7 Charms
 - Level 3.3 Translocations
 - Level 6.2 Invocations
 - Level 1.1 Evocations


You couldn't memorise any spells.
You knew the following spells:

 Your Spells              Type           Power        Failure   Level  Hunger
a - Blink                 Tloc           N/A          3%          2    None
b - Shroud of Golubria    Chrm/Tloc      ###.......   3%          2    None
c - Gell's Gravitas       Tloc           ###.......   7%          3    ##.....
d - Teleport Other        Tloc           ###.....     7%          3    ##.....
e - Lesser Beckoning      Tloc           ###.......   7%          3    ##.....
f - Song of Slaying       Chrm           ###.....     4%          2    None
g - Regeneration          Chrm/Necr      ##........   14%         3    ##.....

Your spell library contained the following spells:

 Spells                   Type           Power        Failure   Level  Hunger
 Infusion                 Chrm           ###.         2%          1    None
 Spectral Weapon          Hex/Chrm       ##......     14%         3    ##.....
 Passage of Golubria      Tloc           N/A          22%         4    ####...


Dungeon Overview and Level Annotations

Branches:
Dungeon (12/15)            Temple (0/1) D:4            Lair (4/6) D:11
 Spider (0/4) Lair:3          Orc (0/2) D:12
  Swamp: Lair:2-4    Shoals: Lair:2-4

Altars:
Ashenzari
Cheibriados
Kikubaaqudgha
Okawaru
Ru
Sif Muna
Xom

Shops:
D:11 (%

Annotations:
Lair:4 1 transporter


Innate Abilities, Weirdness & Mutations

You can breathe wild blasts of lightning.
Your glossy black scales are hard. (AC +8)
You cannot fit into any form of body armour.
You are resistant to electric shocks. (rElec)
You are cold-blooded and may be slowed by cold attacks.


Message History

Your skin crawls.
The salamander hits you with a cursed -2 halberd.
* * * LOW HITPOINT WARNING * * *
You are engulfed in flames!
* * * LOW HITPOINT WARNING * * *
Your shroud falls apart!
Okay, then.
Okay, then.
Press: ? - help, v - describe, . - travel, g - get item An arrow.
The floor, spattered with blood.
Casting: Regeneration (safe; 14% risk of failure)
Confirm with . or Enter, or press ? or * to list all spells.
You blink.
Okay, then.
You feel protected.
The salamander hits you from afar with a cursed -2 halberd!
* * * LOW HITPOINT WARNING * * *
You are engulfed in flames.
You resist.
You die...

## #.# ## .∩.#
$.# [!. ### ..#
..###.# .. .
#.#..#.###.#
)..####..@.......
#....∩∩..###...
##.#.N..##
##(..##
##§#...N.#
#(.#.##..#
#∩$).##.. .[).
#....###..# ..∩.
##### .![∩ #.#


You could see a salamander.

Vanquished Creatures
  An orc warlord (Bailey)
  Azrael (D:12)
  A rakshasa (D:9)
  A hydra (D:8)
  2 two-headed ogres
  A cyclops (D:11)
  A salamander (Volcano)
  Maurice (D:12)
  A black mamba (Lair:1)
  Psyche (D:11)
  A spiny frog (Lair:1)
  5 jumping spiders (Lair:3)
  Grinder (D:6)
  Prince Ribbit (D:7)
  2 dream sheep (D:8)
  2 slime creatures (D:9)
  6 hippogriffs
  3 redbacks (Lair:3)
  A vampire (D:9)
  19 yaks
  A wyvern (D:12)
  2 fire elementals (D:12)
  2 basilisks (Lair:1)
  Eustachio (D:5)
  Grum (D:9)
  Menkaure (D:6)
  A vampire mosquito (D:9)
  An acid dragon (D:9)
  6 water moccasins
  2 hell hounds (D:12)
  A porcupine (Lair:4)
  3 black bears
  4 orc warriors
  A sky beast (D:9)
  2 ice beasts
  A necrophage (D:11)
  4 ogres
  5 wolves
  7 centaurs
  3 crocodiles (Lair:1)
  3 big kobolds (D:8)
  8 bullfrogs
  A water moccasin zombie (D:5)
  A wyvern skeleton (D:12)
  5 killer bees (D:9)
  3 crimson imps
  3 centaur zombies
  2 bullfrog zombies
  3 hounds
  A jelly (D:9)
  A quasit (D:7)
  A bullfrog skeleton (D:10)
  2 orc priests
  A gnoll shaman (D:9)
  An iguana (D:4)
  6 worker ants
  4 orc wizards
  A hound skeleton (D:11)
  A howler monkey zombie (D:10)
  A howler monkey skeleton (D:10)
  3 worker ant zombies (D:5)
  Robin (D:4)
  12 adders
  6 gnolls
  2 shadow imps
  2 oozes (D:2)
  6 worms
  A dart slug (D:1)
  3 leopard geckos
  17 orcs
  5 bats
  6 giant cockroaches
  25 goblins
  9 hobgoblins
  15 jackals
  10 kobolds
  7 quokkas
  A ball python (D:4)
  A frilled lizard (D:2)
  A jackal skeleton (D:4)
  A jackal zombie (D:5)
  A leopard gecko zombie (D:5)
  A quokka zombie (D:5)
  5 rats
291 creatures vanquished.

Vanquished Creatures (others)
  2 fungi (Lair:3)
  2 plants (D:8)
4 creatures vanquished.

Grand Total: 295 creatures vanquished

Notes
Turn   | Place    | Note
-------+----------+-------------------------------------------
     0 | D:1      | psyvane the Draconian Warper began the quest for the Orb.
     0 | D:1      | Reached XP level 1. HP: 17/17 MP: 3/3
   158 | D:1      | Found a snail-covered altar of Cheibriados.
   175 | D:1      | Became a worshipper of Cheibriados the Contemplative
   202 | D:1      | Reached XP level 2. HP: 11/26 MP: 5/5
   206 | D:1      | Learned a level 2 spell: Blink
   209 | D:1      | Learned a level 2 spell: Shroud of Golubria
  1302 | D:2      | Reached XP level 3. HP: 31/31 MP: 6/6
  1315 | D:2      | Reached * piety under Cheibriados
  1496 | D:2      | Learned a level 3 spell: Gell's Gravitas
  1773 | D:2      | Reached XP level 4. HP: 28/38 MP: 9/9
  2379 | D:2      | Found an ancient bone altar of Kikubaaqudgha.
  2388 | D:2      | Found a sacrificial altar of Ru.
  2777 | D:3      | Learned a level 3 spell: Teleport Other
  2828 | D:3      | Reached ** piety under Cheibriados
  3265 | D:4      | Found a staircase to the Ecumenical Temple.
  3322 | D:4      | Found an iron altar of Okawaru.
  3518 | D:4      | Reached XP level 5. HP: 22/45 MP: 4/10
  3766 | D:4      | Reached skill level 1 in Invocations
  4025 | D:4      | Noticed Robin
  4054 | D:4      | Killed Robin
  4198 | D:4      | Found a shattered altar of Ashenzari.
  4252 | D:4      | Reached XP level 6. HP: 49/51 MP: 11/11
  4341 | D:4      | Reached *** piety under Cheibriados
  4630 | D:5      | Entered Level 5 of the Dungeon
  4937 | D:5      | Reached skill level 5 in Dodging
  5020 | D:5      | Your scales start taking on a glossy black colour.
  5020 | D:5      | Reached XP level 7. HP: 50/57 MP: 12/12
  5020 | D:5      | Gained mutation: You are resistant to electric shocks.
                  | (rElec) [Black Draconian growth]
  5134 | D:5      | Noticed Eustachio
  5142 | D:5      | Found a shimmering altar of Xom.
  5155 | D:5      | Killed Eustachio
  5266 | D:5      | Learned a level 3 spell: Lesser Beckoning
  5280 | D:5      | Reached skill level 5 in Invocations
  5604 | D:6      | Found a deep blue altar of Sif Muna.
  5668 | D:6      | Reached **** piety under Cheibriados
  5812 | D:6      | Noticed Menkaure
  5821 | D:6      | Killed Menkaure
  5821 | D:6      | Reached XP level 8. HP: 37/66 MP: 11/13
  6024 | D:6      | Noticed Grinder
  6030 | D:6      | Paralysed by Grinder for 3 turns
  6040 | D:6      | Paralysed by Grinder for 2 turns
  6051 | D:6      | Killed Grinder
  6776 | D:7      | Noticed Prince Ribbit
  6791 | D:7      | Killed Prince Ribbit
  7074 | D:7      | Found a flagged portal.
  7080 | Bailey   | Entered a bailey
  7086 | Bailey   | Noticed an orc warlord
  7482 | Bailey   | Found a runed translucent gate.
  7482 | Bailey   | Found a runed translucent gate.
  7482 | Bailey   | Found a runed translucent gate.
  7505 | Bailey   | Reached XP level 9. HP: 54/82 MP: 12/14
  7650 | Bailey   | Killed an orc warlord
  8014 | D:7      | Reached skill level 1 in Charms
  9148 | D:8      | Reached skill level 3 in Axes
  9155 | D:8      | Noticed a two-headed hydra
  9165 | D:8      | Killed a four-headed hydra
  9165 | D:8      | Reached skill level 5 in Axes
  9165 | D:8      | Reached XP level 10. HP: 41/95 MP: 15/15
  9179 | D:8      | Reached skill level 6 in Axes
  9188 | D:8      | Reached skill level 1 in Evocations
  9562 | D:8      | Identified 2 scrolls of acquirement
  9566 | D:8      | Got a clouded steel ring
  9567 | D:8      | Identified the ring "Focwaot" {Str+4 SInv} (You acquired it
                  | on level 8 of the Dungeon)
  9571 | D:8      | Got a translucent ivory amulet
  9572 | D:8      | Identified the amulet of Suqauny {Harm -Tele *Drain Str-2
                  | Int+6 SInv} (You acquired it on level 8 of the Dungeon)
  9743 | D:9      | Noticed Grum
  9749 | D:9      | Reached skill level 7 in Axes
  9756 | D:9      | Killed Grum
  9813 | D:9      | Reached skill level 8 in Axes
  9964 | D:9      | Learned a level 2 spell: Song of Slaying
 10083 | D:9      | Paralysed by a centaur for 6 turns
 10089 | D:9      | Reached skill level 9 in Axes
 10194 | D:9      | Noticed a rakshasa
 10762 | D:9      | Noticed a two-headed ogre
 10770 | D:9      | Killed a two-headed ogre
 10770 | D:9      | Reached skill level 10 in Axes
 10770 | D:9      | Reached XP level 11. HP: 102/102 MP: 13/16
 11049 | D:9      | Killed a rakshasa
 11571 | D:10     | Entered Level 10 of the Dungeon
 11673 | D:10     | Reached skill level 11 in Axes
 12683 | D:11     | Found Epsauneso's Food Boutique.
 12739 | D:11     | Noticed a seven-headed hydra
 13045 | D:11     | Found a staircase to the Lair.
 13250 | D:11     | Noticed Psyche
 13260 | D:11     | Killed Psyche
 13260 | D:11     | Reached skill level 12 in Axes
 13300 | D:11     | Found Vatroity's Weapon Shoppe.
 13665 | D:12     | Found a staircase to the Orcish Mines.
 13714 | D:12     | Noticed Maurice
 13714 | D:12     | Noticed Azrael
 13715 | D:12     | Reached ***** piety under Cheibriados
 13727 | D:12     | Killed Azrael
 13727 | D:12     | Reached skill level 13 in Axes
 13946 | D:12     | Killed Maurice
 14041 | D:12     | Noticed a two-headed ogre
 14048 | D:12     | Killed a two-headed ogre
 14048 | D:12     | Reached XP level 12. HP: 88/110 MP: 9/17
 14197 | Lair:1   | Entered Level 1 of the Lair of Beasts
 14231 | Lair:1   | Learned a level 3 spell: Regeneration
 14280 | Lair:1   | Reached skill level 14 in Axes
 15393 | Lair:2   | You fall through a shaft for 2 floors!
 15700 | Lair:4   | Found a transporter.
 15712 | Lair:4   | Noticed a four-headed hydra
 15751 | Lair:3   | Found a hole to the Spider Nest.
 15781 | Lair:3   | Reached skill level 15 in Axes
 15825 | Lair:3   | Found a dark tunnel.
 15830 | Volcano  | Entered a volcano
 15844 | Volcano  | HP: 5/110 [salamander/cursed -2 halberd (10)]
 15844 | Volcano  | Slain by a salamander

Skill      XL: |  1  2  3  4  5  6  7  8  9 10 11 12 |
---------------+-------------------------------------+-----
Fighting       | 3 4 8 11 | 11.1
Spellcasting   | 3 |  3.8
Dodging        | 4 5 |  5.0
Invocations    | 2 3 6 |  6.2
Charms         | 2 |  2.7
Axes           | 5 10 13 15 | 15.1
Evocations     | 1 |  1.1
Throwing       | |  0.8
Translocations | |  3.3

Action                   |  1- 3 |  4- 6 |  7- 9 | 10-12 || total
-------------------------+-------+-------+-------+-------++-------
Melee: Hand axe          |   110 |    75 |       |       ||   185
       Tailslap          |     6 |    53 |    74 |    85 ||   218
       Dagger            |       |   186 |   227 |       ||   413
       War axe           |       |       |    30 |   350 ||   380
 Cast: Shroud of Golubri |       |     8 |    18 |    40 ||    66
       Blink             |       |     2 |     5 |    15 ||    22
       Gell's Gravitas   |       |     3 |     1 |    11 ||    15
       Teleport Other    |       |       |       |     1 ||     1
       Song of Slaying   |       |       |       |     1 ||     1
       Lesser Beckoning  |       |       |       |     1 ||     1
       Regeneration      |       |       |       |     1 ||     1
Invok: Bend Time         |       |       |     4 |     1 ||     5
       Slouch            |       |       |     1 |     6 ||     7
 Abil: Breathe Lightning |       |       |       |     2 ||     2
Evoke: Lamp of fire      |       |       |     1 |     1 ||     2
       Wand              |       |       |       |     5 ||     5
  Use: Potion            |     1 |       |     8 |     6 ||    15
       Scroll            |     2 |     9 |    10 |    14 ||    35
 Stab: Sleeping          |       |     3 |     5 |       ||     8
       Distracted        |       |       |       |     1 ||     1
  Eat: Chunk             |     2 |     6 |     7 |    24 ||    39
Armor: Skin              |    39 |    89 |    91 |   141 ||   360
Dodge: Dodged            |    81 |   220 |   273 |   379 ||   953
